 Dungeon Crawl Stone Soup version 0.31-a0-267-g3fc6992b3b (webtiles) character file.

Game seed: 18347782519994816265

162 qw the Shooter (level 5, 0/30 HPs)
             Began as a Gargoyle Hexslinger on July 13, 2023.
             Was an Initiate of Okawaru.
             Slain by Pikel
             ... wielding a +1 whip of freezing
              (3 damage)
             ... on level 3 of the Dungeon.
             The game lasted 00:00:53 (2080 turns).

qw the Shooter (Gargoyle Hexslinger)                Turns: 2080, Time: 00:00:53

Health: 0/30       AC: 14    Str: 11      XL:     5   Next: 43%
Magic:  6/6        EV: 15    Int: 12 (14) God:    Okawaru [......]
Gold:   200        SH:  0    Dex: 14      Spells: 5/6 levels left

rFire   . . .        Y - +2 sling
rCold   . . .        (no shield)
rNeg    + . .        b - +0 ring mail
rPois   inf          (no helmet)
rElec   +            g - +0 cloak
rCorr   .            d - +2 pair of gloves
SInv    .            j - +0 pair of boots
Will    +....        (no amulet)
Stlth   +            h - +4 ring of slaying {mikee}
HPRegen 0.25/turn    c - +5 ring of evasion
MPRegen 0.10/turn

%: no passive effects
@: no status effects
A: sickness immunity, AC +4, negative energy resistance 1, electricity
resistance, torment resistance 1, petrification resistance, hooves 1,
strong-willed 1, wild magic 1
a: Renounce Religion


You were on level 3 of the Dungeon.
You worshipped Okawaru.
Okawaru was noncommittal.
You visited 1 branch of the dungeon, and saw 4 of its levels.

You collected 200 gold pieces.


Innate Abilities, Weirdness & Mutations

You are immune to sickness and miasma.
Your stone body is resilient. (AC +4)
You are immune to poison.
You resist negative energy. (rN+)
You are resistant to electric shocks. (rElec)
You are resistant to unholy torment.
You are immune to petrification.
You have large cloven feet.
You are strong-willed. (Will+)
Your spells are a little harder to cast, but a little more powerful.


   Skills:
 + Level 2.2 Fighting
 - Level 5.0 Ranged Weapons
 - Level 1.0 Armour
 - Level 1.5 Dodging
 - Level 1.0 Spellcasting
 - Level 2.6 Hexes


You had 5 spell levels left.
You knew the following spells:

 Your Spells              Type           Power      Damage    Failure   Level
a - Slow                  Hex            36%        N/A       32%         1

Your spell library contained the following spells:

 Spells                   Type           Power      Damage    Failure   Level
 Inner Flame              Hex/Fire       4%         N/A       83%         3
 Portal Projectile        Hex/Tloc       8%         N/A       83%         3
 Cause Fear               Hex            4%         N/A       96%         4

Inventory:

Hand Weapons
 Y - a +2 sling (weapon)
Armour
 b - a +0 ring mail (worn)
 d - a +2 pair of gloves (worn)
 g - a +0 cloak (worn)
 j - a +0 pair of boots (worn)
Jewellery
 c - a +5 ring of evasion (right hand)
 h - a +4 ring of slaying (left hand) {mikee}
Potions
 a - a potion of mutation
 e - a potion of heal wounds {unknown}
 f - a potion of cancellation {unknown}
 i - a potion of curing

Dungeon Overview and Level Annotations

Branches:
Dungeon (4/15)
 Temple: D:4-7

Altars:
Gozag
Hepliaklqana
Okawaru
Trog

Annotations:
D:2 1 runed translucent door, Crazy Yiuf
D:3 Pikel


Message History

Pikel barely misses you. The lemure misses you.
You shoot a sling bullet.
The sling bullet hits the lemure but does no damage.
The lemure is lightly wounded.
Pikel completely misses you. The lemure hits you but does no damage.
Pikel hits you but does no damage. The lemure closely misses you.
You shoot a sling bullet.
The sling bullet hits the lemure but does no damage.
The lemure is lightly wounded.
Pikel hits you but does no damage. The lemure barely misses you.
You shoot a sling bullet.
The sling bullet closely misses the lemure.
Pikel barely misses you. The lemure hits you but does no damage.
You shoot a sling bullet.
The sling bullet completely misses the lemure.
Pikel hits you but does no damage. The lemure barely misses you.
Pikel hits you with a +1 whip of freezing.
Pikel freezes you. The lemure closely misses you.
You shoot a sling bullet. The sling bullet hits the lemure!
The lemure is heavily wounded.
Pikel misses you. The lemure hits you.
You shoot a sling bullet.
The sling bullet barely misses the lemure.
Pikel closely misses you. The lemure hits you but does no damage.
You shoot a sling bullet.
The sling bullet completely misses the lemure.
Pikel says, "You'll burn in Gehenna!"
Pikel hits you but does no damage. The lemure misses you.
Pikel hits you but does no damage. The lemure hits you but does no damage.
You shoot a sling bullet. The sling bullet hits the lemure!
The lemure is severely wounded.
Pikel hits you but does no damage. The lemure hits you but does no damage.
You shoot a sling bullet. The sling bullet hits the lemure.
The lemure is almost dead.
Pikel closely misses you. The lemure hits you.
You shoot a sling bullet.
The sling bullet closely misses the lemure.
Pikel says, "Hell isn't that bad."
Pikel hits you with a +1 whip of freezing.
You die...

.#...................#...# ###
...........#...........#.######..
###.......###............#.....¤.
#.#........................~~¤¤¤¤
#.###......##..........#...~~~~¤¤
....#..................#<#.~~.8~~
###.###...##...............¤~>_~~
# #..)#..........5.......#.~~~~¤¤
###.###....##...@K.%..._...~~~~~~
....#............................
#.###....#..#..............¤..#¤.
#.#......#....................#..
#.#........##.............#..####
.....)....#####..............####
###).##...####....<....####......
###..##...##...........# #####..
......#...#..#.........# ##.


You could see Pikel and a lemure.

Vanquished Creatures
  A lemure (D:4)
  Natasha (thrice) (D:2)
  2 adders
  3 worms (D:2)
  2 dart slugs (D:1)
  An orc (D:2)
  3 endoplasms (D:1)
  A giant cockroach (D:3)
  6 goblins
  5 hobgoblins
  2 jackals (D:1)
  4 kobolds
  3 quokkas (D:1)
  6 ball pythons
  4 bats
  5 frilled lizards
  7 rats
58 creatures vanquished.

Notes
Turn   | Place    | Note
-------+----------+-------------------------------------------
     0 | D:1      | qw the Gargoyle Hexslinger began the quest for the Orb.
     0 | D:1      | Reached XP level 1. HP: 12/12 MP: 2/2
     0 | D:1      | 0 ||| qw: Version: 0.3-a-52-g30416fa
     0 | D:1      | 0 ||| qw: Game counter: 7684
     0 | D:1      | 0 ||| qw: Melee chars always use a shield: true
     0 | D:1      | 0 ||| qw: God list: Okawaru
     0 | D:1      | 0 ||| qw: Allow faded altars: false
     0 | D:1      | 0 ||| qw: Do Orc after clearing Dungeon:15 true
     0 | D:1      | 0 ||| qw: Do second Lair branch before Depths: true
     0 | D:1      | 0 ||| qw: Lair rune preference: random
     0 | D:1      | 0 ||| qw: Goals: Normal
     0 | D:1      | 0 ||| PLANNING D:1-11
    13 | D:1      | 13 ||| DROPPING scroll of poison.
    81 | D:1      | Reached XP level 2. HP: 16/16 MP: 3/3
   153 | D:1      | Reached skill level 3 in Ranged Weapons
   283 | D:1      | Reached XP level 3. HP: 21/21 MP: 4/4
   598 | D:1      | 598 ||| UPGRADING to +0 ring mail.
   608 | D:1      | 608 ||| DROPPING +0 robe.
   609 | D:1      | 609 ||| UPGRADING to +2 pair of gloves.
   614 | D:1      | 614 ||| UPGRADING to +4 ring of slaying {mikee}.
   615 | D:1      | 615 ||| READING scroll labelled WEONUC XAPA.
   716 | D:1      | 716 ||| READING 3 scrolls labelled MYSASE SIRCH.
   717 | D:1      | 717 ||| DRINKING 3 fuming dark potions.
   718 | D:1      | 718 ||| DROPPING 2 scrolls of blinking.
   719 | D:1      | 719 ||| DROPPING 2 potions of degeneration.
   781 | D:2      | Reached skill level 1 in Armour
   942 | D:2      | Reached XP level 4. HP: 26/26 MP: 5/5
  1025 | D:2      | Noticed Natasha
  1030 | D:2      | Killed Natasha
  1031 | D:2      | Reached skill level 4 in Ranged Weapons
  1158 | D:2      | Found a bloodstained altar of Trog.
  1194 | D:2      | Found a runed translucent door.
  1195 | D:2      | Noticed Crazy Yiuf
  1285 | D:2      | Noticed Natasha
  1294 | D:2      | Killed Natasha
  1459 | D:2      | Reached XP level 5. HP: 30/30 MP: 6/6
  1554 | D:2      | 1554 ||| UPGRADING to +5 ring of evasion.
  1555 | D:2      | 1555 ||| DRINKING 3 metallic clear potions.
  1555 | D:2      | Gained mutation: You have hidden genetic defects. [potion
                  | of mutation]
  1555 | D:2      | Gained mutation: You are agile. (Dex +4, Str/Int -1)
                  | [potion of mutation]
  1584 | D:2      | Noticed Natasha
  1591 | D:2      | Killed Natasha
  1674 | D:3      | Found an opulent altar of Gozag.
  1691 | D:3      | Found a hazy altar of Hepliaklqana.
  1751 | D:3      | Reached skill level 5 in Ranged Weapons
  1751 | D:3      | Found an iron altar of Okawaru.
  1753 | D:3      | 1753 ||| PLANNING OKAWARU WORSHIP
  1753 | D:3      | 1753 ||| UPGRADING to +0 pair of boots.
  1758 | D:3      | 1758 ||| READING scroll labelled QINYQIS OKAHI.
  1759 | D:3      | 1759 ||| READING scroll labelled YTSOETSITAGH.
  1760 | D:3      | 1760 ||| DRINKING 2 amethyst potions.
  1767 | D:3      | Gained mutation: You are frail. (-10% HP) [hidden defects]
  1769 | D:3      | 1769 ||| DRINKING 2 potions of mutation.
  1769 | D:3      | Lost mutation: You are frail. (-10% HP) [potion of
                  | mutation]
  1769 | D:3      | Lost mutation: You are agile. (Dex +4, Str/Int -1) [potion
                  | of mutation]
  1769 | D:3      | Lost mutation: You have hidden genetic defects. [potion of
                  | mutation]
  1769 | D:3      | Gained mutation: You are strong-willed. (Will+) [potion of
                  | mutation]
  1769 | D:3      | Gained mutation: You have large cloven feet. [potion of
                  | mutation]
  1769 | D:3      | Gained mutation: Your spells are a little harder to cast,
                  | but a little more powerful. [potion of mutation]
  1780 | D:3      | Became a worshipper of Warmaster Okawaru
  1781 | D:3      | 1781 ||| PLANNING D:1-11
  2028 | D:3      | 2028 ||| UPGRADING to +0 cloak.
  2056 | D:4      | Noticed Pikel
  2056 | D:4      | Noticed a lemure
  2057 | D:4      | Noticed a lemure
  2058 | D:4      | Noticed a lemure
  2060 | D:4      | Noticed a lemure
  2062 | D:4      | Killed a lemure
  2063 | D:4      | 2063 ||| STAIRDANCE
  2075 | D:3      | HP: 5/30 [lemure[Pikel] (3)]
  2079 | D:3      | HP: 2/30 [lemure[Pikel] (4)]
  2080 | D:3      | Slain by Pikel

Levels and vault maps discovered:
D:1:      spicycebolla_arrival_clurvy, layout_loops_cross
D:2:      layout_basic, basic_altar, chequers_serial_rivers_small_a,
          uniq_natasha, uniq_crazy_yiuf_cottage
D:3:      layout_rooms, okawaru_gym_becter, nicolae_gozag_seed_capital,
          general_overflow_altar, minmay_quantized
D:4:      layout_basic, corner_web_ring, uniq_pikel

Skill      XL: |  1  2  3  4  5 |
---------------+----------------+-----
Ranged Weapons | 3 4 5 |  5.0
Fighting       | 2 |  2.2
Armour         | 1 |  1.0
Dodging        | |  1.5
Spellcasting   | |  1.0
Hexes          | |  2.6

Action                     |  1- 3 |  4- 6 || total
---------------------------+-------+-------++-------
   Fire: Sling             |    92 |    83 ||   175
    Use: Scroll            |     2 |     2 ||     4
         Potion            |     1 |     3 ||     4
 Armour: Robe              |     6 |       ||     6
         Ring mail         |     6 |    21 ||    27
  Dodge: Dodged            |    14 |    33 ||    47

Table legend:
 A = Non-vault XP
 B = Vault XP
 C = Vault XP percentage of total XP
 D = Non-vault monster count
 E = Vault monster count
 F = Vault count percentage of total count
                 A         B        C        D         E       F
            +---------+---------+-------+---------+---------+-------
      Total |     193 |      39 |  16.8 |      54 |       3 |   5.3
            +---------+---------+-------+---------+---------+-------
        D:1 |      52 |       0 |   0.0 |      30 |       0 |   0.0
        D:2 |     114 |      36 |  24.0 |      14 |       1 |   6.7
        D:3 |      27 |       3 |  10.0 |      10 |       2 |  16.7
            +---------+---------+-------+---------+---------+-------
